 Dungeon Crawl Stone Soup version 0.29-a0-330-g52719c12eb (webtiles) character file.

Game seed: 5558061311184571351

99 Crownlay the Digger (level 4, -2/28 HPs)
             Began as an Octopode Earth Elementalist on May 11, 2022.
             Slain by an orc
             ... wielding a +0 club
              (6 damage)
             ... on level 3 of the Dungeon.
             The game lasted 00:02:38 (2551 turns).

Crownlay the Digger (Octopode Earth Elementalist)   Turns: 2551, Time: 00:02:39

Health: -2/28      AC:  1    Str:  7    XL:     4   Next: 72%
Magic:  1/8        EV: 13    Int: 19    God:
Gold:   85         SH:  0    Dex: 12    Spells: 7/8 levels left

rFire   . . .      SeeInvis .   f - +0 dagger
rCold   . . .      Faith    .   (no shield)
rNeg    . . .      Spirit   .   (helmet restricted)
rPois   .          Reflect  .   (no amulet)
rElec   .          Harm     .   (no ring)
rCorr   .          Rampage  .   (no ring)
Will    .....                   (no ring)
Stlth   +++.......              (no ring)
HPRegen 0.09/turn               (no ring)
MPRegen 0.11/turn               (no ring)
                                (no ring)
                                (no ring)

@: no status effects
A: almost no armour, amphibious, 8 rings, camouflage 1, gelatinous body 1,
(nimble swimmer 1), tentacles
a: no special abilities


You were on level 3 of the Dungeon.
You visited 1 branch of the dungeon, and saw 3 of its levels.

You collected 85 gold pieces.

Inventory:

Hand Weapons
 f - a +0 dagger (weapon)
Missiles
 a - 24 stones
Scrolls
 c - 2 scrolls of enchant armour {unknown}
 e - a scroll of fog {unknown}
 g - a scroll of teleportation {unknown}
 h - a scroll of acquirement {unknown}
 k - a scroll of immolation {unknown}
 n - a scroll of blinking {unknown}
Potions
 b - 2 potions of magic
 d - a potion of curing {unknown}
 i - 3 potions of might {unknown}
 j - a potion of brilliance {unknown}
 l - a potion of resistance {unknown}
 m - a potion of mutation {unknown}


   Skills:
 + Level 1.2 Fighting
 - Level 2.0 Dodging
 - Level 2.6 Stealth
 + Level 2.9 Spellcasting
 - Level 1.0 Transmutations
 * Level 4.4 Earth Magic


You had 7 spell levels left.
You knew the following spells:

 Your Spells              Type           Power      Damage    Failure   Level
a - Sandblast             Erth           38%        2d10      2%          1

Your spell library contained the following spells:

 Spells                   Type           Power      Damage    Failure   Level
 Passwall                 Tmut/Erth      10%        N/A       8%          2
 Shock                    Conj/Air       8%         1d3       16%         1
 Stone Arrow              Conj/Erth      22%        3d8       19%         3
 Swiftness                Air            2%         N/A       43%         3
 Petrify                  Tmut/Erth      13%        N/A       45%         4
 Airstrike                Air            1%         N/A       83%         4


Dungeon Overview and Level Annotations

Branches:
Dungeon (3/15)

Altars:
The Shining One


Innate Abilities, Weirdness & Mutations

You cannot wear most types of armour.
You are amphibious.
You can wear up to eight rings at the same time.
Your skin changes colour to match your surroundings (Stealth+).
Your rubbery body absorbs attacks. (AC +1, EV +1)
((You are camouflaged when in or above water. (Stealth+)))
You have tentacles for arms and can constrict up to eight enemies at once.


Message History

The orc wizard is severely wounded.
The orc wizard gestures at you while chanting.
You are confused.
You're too confused to cast spells.
You're too confused to cast spells.
Sorry, you're not good enough to have a special ability.
You bump into the rock wall.
The orc wizard closely misses you.
You bump into the rock wall.
The orc wizard closely misses you.
You bump into the rock wall.
The orc wizard hits you with a +0 dagger.
You closely miss the orc wizard. Your squeeze misses the orc wizard.
The orc wizard is severely wounded.
The orc wizard closely misses you.
You hit the orc wizard but do no damage.
The orc wizard is severely wounded.
The orc wizard hits you with a +0 dagger.
You miss the orc wizard.
The orc wizard is severely wounded.
The orc wizard gestures at you while chanting.
The puff of flame hits you!
* * * LOW HITPOINT WARNING * * *
You're too confused to move!
You feel less confused. The orc wizard barely misses you.
Casting: Sandblast (safe; 2% risk of failure)
Confirm with . or Enter, or press ? or * to list all spells.
Aiming: Sandblast (safe; 2% risk of failure)
Press: ? - help, Shift-Dir - straight line, f/p - orc wizard
Aim: an orc wizard, wielding a +0 dagger and wearing a +0 robe (severely wounded, 74% to hit)
The blast of sand hits the orc wizard.
You kill the orc wizard!
Casting: Sandblast (safe; 2% risk of failure)
Confirm with . or Enter, or press ? or * to list all spells.
Aiming: Sandblast (safe; 2% risk of failure)
Press: ? - help, Shift-Dir - straight line, f - orc
Aim: an orc, wielding a +0 club (79% to hit)
The blast of sand hits the orc.
The orc is almost dead.
The orc hits you with a +0 club.
You die...

...>.....#
#.#
.....#####
#.# ....##
#.# ##.##
#.#### #.#
#....# #.#
####.# #+#
#.# #.#
#@# #o#
#.# ...
#.# #.#
#.# ..#


You could see an orc.

Vanquished Creatures
  Jessica (D:2)
  An orc wizard (D:3)
  An adder (D:2)
  2 dart slugs
  An orc (D:3)
  4 bats
  3 endoplasms (D:2)
  2 giant cockroaches
  4 hobgoblins
  3 kobolds
  2 quokkas
  4 ball pythons
  2 frilled lizards (D:2)
  2 goblins
  3 rats
35 creatures vanquished.

Notes
Turn   | Place    | Note
-------+----------+-------------------------------------------
     0 | D:1      | Crownlay the Octopode Earth Elementalist began the quest
                  | for the Orb.
     0 | D:1      | Reached XP level 1. HP: 11/11 MP: 3/3
   374 | D:1      | Reached XP level 2. HP: 17/17 MP: 1/5
   689 | D:1      | Found a faded altar of an unknown god.
  1203 | D:2      | Reached XP level 3. HP: 8/21 MP: 4/6
  1748 | D:2      | Noticed Jessica
  1759 | D:2      | Killed Jessica
  1760 | D:2      | Reached skill level 4 in Earth Magic
  1760 | D:2      | Reached XP level 4. HP: 6/27 MP: 2/8
  2441 | D:3      | Reached skill level 1 in Fighting
  2495 | D:3      | Found a glowing golden altar of the Shining One.
  2551 | D:3      | Slain by an orc

Illustrated notes

Levels and vault maps discovered:
D:1:      psy_arrival_fountain, layout_basic,
          ebering_ecumenical_altar_sacrificial
D:2:      layout_loops_ring, uniq_jessica
D:3:      layout_loops_corners, mainiacjoe_overflow_brackets,
          mainiacjoe_overflow_surrounded_room, uniq_ijyb

Skill      XL: |  1  2  3  4 |
---------------+-------------+-----
Earth Magic    | 4 |  4.4
Fighting       | 1 |  1.2
Dodging        | |  2.0
Stealth        | |  2.6
Spellcasting   | |  2.9
Transmutations | |  1.0

Action                   |  1- 3 |  4- 6 || total
-------------------------+-------+-------++-------
Melee: Unarmed           |    20 |       ||    20
       Constrict         |    10 |     3 ||    13
       Tentacles         |     6 |     3 ||     9
       Punch             |     1 |     1 ||     2
       Dagger            |    30 |    16 ||    46
 Cast: Sandblast         |    12 |     8 ||    20
 Stab: Sleeping          |     9 |     5 ||    14
Armor: Skin              |     4 |       ||     4
Dodge: Dodged            |    27 |     8 ||    35

Table legend: (Time is in decaauts)
 A = Elapsed time spent in this place.
 B = Non-inter-level travel time spent in this place.
 C = Inter-level travel time spent in this place.
 D = Time resting spent in this place.
 E = Time spent auto-exploring this place.
 F = Levels seen in this place.
 G = Mean time per level.
                   A        B        C        D        E       F      G
               +--------+--------+--------+--------+--------+-----+--------+
         Total |   2550 |   2469 |     81 |      0 |   2188 |   3 |  850.0 |
       Dungeon |   2550 |   2469 |     81 |      0 |   2188 |   3 |  850.0 |
               +--------+--------+--------+--------+--------+-----+--------+

Top non-repeatable levels by time:
     D:2: 1362 daAuts
     D:1: 910 daAuts
     D:3: 276 daAuts
